 Dungeon Crawl Stone Soup version 0.28.0-43-g3370ac3207 (webtiles) character file.

Game seed: 1842682845372921793

28790 adizb the Grappler (level 13, -3/121 (127) HPs)
             Began as a Troll Monk on Mar 13, 2022.
             Was a Priest of Ru.
             Slain by a seven-headed hydra (7 damage)
             ... on level 4 of the Lair of Beasts.
             The game lasted 01:10:35 (12108 turns).

adizb the Grappler (Troll Monk)                    Turns: 12108, Time: 01:10:36

HP:   -3/121 (127)  AC: 11    Str: 26    XL:     13   Next: 11%
MP:   0/12          EV: 15    Int:  4    God:    Ru [***...]
Gold: 745           SH:  0    Dex: 10    Spells: 12/12 levels left

rFire   . . .      SeeInvis +   B - +1 long sword (flame)
rCold   . . .      Faith    .   (no shield)
rNeg    + . .      Spirit   +   N - +0 acid dragon scales
rPois   .          Reflect  .   (helmet restricted)
rElec   .          Harm     .   o - +2 cloak
rCorr   +          Rampage  .   (gloves unavailable)
Will    .....                   (boots unavailable)
Stlth   +.........              c - amulet of guardian spirit
HPRegen 1.10/turn               r - ring of positive energy
MPRegen 0.13/turn               s - +4 ring of evasion

@: exhausted, unable to drink, lightly drained
A: large, unfitting armour, claws 3, dopey 1, regeneration 1, shaggy fur 1,
tough skin 1, no potion heal 1, inability to drink while threatened, no fire
magic, no translocations magic, no transmutations magic, see invisible, clumsy
1, screaming 1
a: Renounce Religion, Draw Out Power


You were on level 4 of the Lair of Beasts.
You worshipped Ru.
Ru was most pleased with you.
You visited 2 branches of the dungeon, and saw 16 of its levels.
You also visited: Sewer.

You collected 745 gold pieces.

Inventory:

Hand Weapons
 B - a +1 long sword of flaming (weapon)
Missiles
 d - 29 poisoned darts (quivered)
 i - 469 stones
 j - 10 large rocks
 m - 5 boomerangs
 y - 2 curare-tipped darts
 D - 2 atropa-tipped darts
Armour
 o - a +2 cloak (worn)
 u - a +2 robe of resistance
 C - +0 steam dragon scales
 N - +0 acid dragon scales (worn)
Jewellery
 c - an amulet of guardian spirit (around neck)
 r - a ring of positive energy (left claw)
 s - a +4 ring of evasion (right claw)
 z - a ring of positive energy
 H - a +6 ring of intelligence
 P - a ring of protection from fire
Wands
 a - a wand of polymorph (5)
 t - a wand of flame (20)
 v - a wand of paralysis (5)
 E - a wand of acid (8)
 I - a wand of charming (9)
 O - a wand of iceblast (6)
 Q - a wand of digging (8)
Scrolls
 e - 2 scrolls of blinking
 g - 6 scrolls of teleportation
 n - 2 scrolls of enchant weapon
 q - a scroll of holy word
 x - 2 scrolls of fog
 J - 2 scrolls of fear
 L - a scroll of magic mapping
 R - a scroll of amnesia
Potions
 b - 4 potions of curing
 f - a potion of degeneration {unknown}
 h - a potion of ambrosia
 k - 2 potions of heal wounds
 l - 2 potions of flight {unknown}
 p - a potion of resistance {unknown}
 w - 6 potions of invisibility
 A - 3 potions of haste
 F - a potion of brilliance {unknown}
 G - 2 potions of berserk rage {unknown}
 M - 2 potions of might {unknown}
Miscellaneous
 K - a phial of floods
 S - a tin of tremorstones (2/2)


   Skills:
 + Level 7.7 Fighting
 + Level 3.1 Long Blades
 + Level 10.3 Throwing
 + Level 2.8 Armour
 + Level 7.7 Dodging
 - Level 1.0 Stealth
 - Level 6.4 Shields
 * Level 12.5 Unarmed Combat


You had 12 spell levels left.
You didn't know any spells.
Your spell library contained the following spells:

 Spells                   Type           Power      Damage    Failure   Level
 Pain                     Necr           0%         1d4       56%         1
 Summon Small Mammal      Summ           0%         N/A       56%         1
 Call Canine Familiar     Summ           0%         N/A       91%         3
 Summon Guardian Golem    Hex/Summ       0%         N/A       91%         3
 Summon Lightning Spire   Summ/Air       0%         N/A       100%        4
 Agony                    Necr           0%         N/A       100%        5
 Excruciating Wounds      Necr           0%         N/A       100%        5
 Maxwell's Capacitive Co  Air            0%         ∞         100%        8
 Gell's Gravitas          Tloc           Unusable   N/A       N/A         3
 Lesser Beckoning         Tloc           Unusable   N/A       N/A         3
 Teleport Other           Tloc           Unusable   N/A       N/A         3
 Storm Form               Tmut/Air       Unusable   N/A       N/A         7

Dungeon Overview and Level Annotations

Branches:
Dungeon (11/15)            Temple (0/1) D:4            Lair (5/6) D:8
 Shoals (0/4) Lair:4       Spider (0/4) Lair:4        Slime (0/5) Lair:5
  Sewer (visited)
    Orc: D:9-12

Altars:
Ashenzari
Cheibriados
Dithmenos
Elyvilon
Fedhas
Kikubaaqudgha
Ru
Sif Muna
Trog
Wu Jian
Xom
Yredelemnul

Shops:
D:4 [   D:7 (


Innate Abilities, Weirdness & Mutations

You are too large for most types of armour.
You have claws for hands.
You are dopey. (Int -2)
Your natural rate of healing is unusually fast.
You are covered in fur. (AC +1)
You have tough skin. (AC +1)
Potions are less effective at restoring your health.
You sometimes lose the ability to drink potions when taking damage.
You cannot study or cast Fire magic.
You cannot study or cast Translocations magic.
You cannot study or cast Transmutations magic.
You have supernaturally acute eyesight. (SInv)
You are clumsy. (Dex -2)
You occasionally shout uncontrollably at your foes.


Message History

The seven-headed hydra closely misses you.
You barely miss the seven-headed hydra.
The seven-headed hydra is heavily wounded.
The seven-headed hydra bites you. The seven-headed hydra misses you.
The seven-headed hydra barely misses you.
The seven-headed hydra misses you. The seven-headed hydra bites you.
The seven-headed hydra bites you!
* * * LOW HITPOINT WARNING * * *
The seven-headed hydra bites you!
* * * LOW HITPOINT WARNING * * *
You are restored by drawing out deep reserves of power within.
You feel drained. The seven-headed hydra bites you!
The seven-headed hydra misses you.
The seven-headed hydra completely misses you.
The seven-headed hydra bites you! x2
* * * LOW HITPOINT WARNING * * *
The seven-headed hydra misses you.
The seven-headed hydra completely misses you.
Okay, then.
You barely miss the seven-headed hydra.
The seven-headed hydra is heavily wounded.
The seven-headed hydra bites you.
* * * LOW HITPOINT WARNING * * *
The seven-headed hydra bites you.
* * * LOW HITPOINT WARNING * * *
The seven-headed hydra bites you.
* * * LOW HITPOINT WARNING * * *
The seven-headed hydra barely misses you.
The seven-headed hydra bites you.
* * * LOW HITPOINT WARNING * * *
The seven-headed hydra bites you.
* * * LOW HITPOINT WARNING * * *
The seven-headed hydra bites you!
* * * LOW HITPOINT WARNING * * *
The seven-headed hydra bites you!
* * * LOW HITPOINT WARNING * * *
The seven-headed hydra closely misses you.
The seven-headed hydra barely misses you.
The seven-headed hydra bites you!
You die...

................♣♣.≈♣♣♣..♣♣#.#...
.................♣♣≈≈.♣..♣.#####.
..................♣♣≈≈≈..♣..#####
....#............♣♣..≈≈♣♣♣..##.#.
...###............♣♣.≈≈♣♣....#.#.
...##............♣♣..♣≈≈♣♣≈......
#..####..........♣♣♣.♣♣≈≈≈.......
#### #P.........D.......≈........
.## #..........@...#............
..# ###.........................
..######.........................
.....##..........................
#................................
............##...................
......########P..................
.#.#....### ##...................
#####.....###....................


You could see a seven-headed hydra.

Vanquished Creatures
  3 hydras
  2 two-headed ogres
  An orc sorcerer (D:10)
  4 oklob plants (Lair:5)
  A cyclops (D:9)
  6 elephants (Lair:2)
  A water nymph (shapeshifter) (D:9)
  4 black mambas
  4 cane toads
  Maggie (D:7)
  5 komodo dragons
  2 rime drakes
  4 polar bears
  A hornet (D:8)
  21 blink frogs
  4 dream sheep (Lair:4)
  A slime creature (D:9)
  A shadow (D:11)
  A jumping spider (Lair:4)
  30 yaks
  A basilisk (Lair:3)
  A wyvern (D:7)
  A steam dragon (D:8)
  2 acid dragons
  7 water moccasins
  An ice beast (D:7)
  4 black bears
  An ogre (D:4)
  5 orc warriors
  A sky beast (D:7)
  2 hornet zombies
  A wolf (Lair:4)
  6 centaurs
  A phantom (D:4)
  4 kobold brigands
  10 bullfrogs
  A scorpion (D:6)
  2 water moccasin zombies (D:6)
  3 howler monkeys
  An electric eel (D:9)
  A bullfrog zombie (D:6)
  3 centaur zombies
  3 hounds
  A jelly (D:8)
  6 orc priests
  2 bullfrog skeletons (D:5)
  A gnoll shaman (D:5)
  14 hell rats
  4 iguanas (D:5)
  3 orc wizards
  A killer bee zombie (D:6)
  A hound skeleton (D:2)
  A howler monkey zombie (D:6)
  6 gnolls
  12 adders
  A shadow imp (D:6)
  An ufetubus (D:4)
  An adder zombie (D:2)
  4 worms (D:2)
  5 dart slugs
  21 orcs
  7 ball pythons
  A bat skeleton (D:2)
  13 endoplasms
  8 giant cockroaches
  6 hobgoblins
  4 quokkas
  A ball python skeleton (D:2)
  A ball python zombie (D:2)
  6 bats
  7 frilled lizards
  8 goblins
  A jackal zombie (D:2)
  24 kobolds
  13 rats
344 creatures vanquished.

Vanquished Creatures (others)
  An elephant (Lair:2)
  17 fungi
  43 plants
61 creatures vanquished.

Grand Total: 405 creatures vanquished

Notes
Turn   | Place    | Note
-------+----------+-------------------------------------------
     0 | D:1      | adizb the Troll Monk began the quest for the Orb.
     0 | D:1      | Reached XP level 1. HP: 22/22 MP: 0/0
   118 | D:1      | Reached XP level 2. HP: 29/29 MP: 1/1
   628 | D:2      | Reached skill level 1 in Throwing
   644 | D:2      | Reached XP level 3. HP: 35/36 MP: 2/2
   663 | D:2      | Found a faded altar of an unknown god.
   908 | D:2      | Reached XP level 4. HP: 44/44 MP: 3/3
  1217 | D:2      | Reached skill level 1 in Shields
  1399 | D:3      | Found a blossoming altar of Fedhas.
  1427 | D:3      | Found a sacrificial altar of Ru.
  1444 | D:3      | Reached skill level 4 in Unarmed Combat
  1500 | D:3      | Reached XP level 5. HP: 49/52 MP: 4/4
  1557 | D:3      | Found a shadowy altar of Dithmenos.
  2260 | D:3      | Became a worshipper of Ru the Awakened
  2380 | D:4      | Found Ejov's Armour Shoppe.
  2426 | D:4      | Reached XP level 6. HP: 61/61 MP: 3/5
  2504 | D:4      | Found a broken altar of Ashenzari.
  2592 | D:4      | Found a staircase to the Ecumenical Temple.
  3048 | D:5      | Entered Level 5 of the Dungeon
  3056 | D:5      | Reached skill level 5 in Unarmed Combat
  3056 | D:5      | Reached XP level 7. HP: 67/67 MP: 6/6
  3294 | D:5      | Reached XP level 8. HP: 55/78 MP: 4/7
  3558 | D:6      | Reached skill level 6 in Unarmed Combat
  3602 | D:6      | Found a glowing drain.
  3625 | Sewer    | Entered a sewer
  3920 | D:6      | Reached skill level 5 in Throwing
  3963 | D:6      | Reached skill level 7 in Unarmed Combat
  3963 | D:6      | Reached XP level 9. HP: 61/85 MP: 4/8
  4010 | D:6      | Found a bloodstained altar of Trog.
  4010 | D:6      | Found a white marble altar of Elyvilon.
  4144 | D:6      | Found a basalt altar of Yredelemnul.
  4186 | D:7      | Noticed Maggie
  4191 | D:7      | Killed Maggie
  4516 | D:7      | Found a snail-covered altar of Cheibriados.
  4516 | D:7      | Found a shimmering altar of Xom.
  4588 | D:7      | Reached skill level 5 in Fighting
  4588 | D:7      | Reached skill level 8 in Unarmed Combat
  4613 | D:7      | Found an ornate altar of the Wu Jian Council.
  4826 | D:7      | Found Paseuborag's Antique Weapon Shoppe.
  4887 | D:8      | Reached skill level 5 in Dodging
  5274 | D:8      | Reached XP level 10. HP: 96/96 MP: 9/9
  5306 | D:8      | Found a staircase to the Lair.
  5599 | D:8      | Gained mutation: You cannot study or cast Fire magic. [Ru
                  | sacrifice]
  5599 | D:8      | Gained mutation: You cannot study or cast Transmutations
                  | magic. [Ru sacrifice]
  5599 | D:8      | Gained mutation: You cannot study or cast Translocations
                  | magic. [Ru sacrifice]
  5599 | D:8      | Reached * piety under Ru
  5699 | D:9      | Found a shimmering blue altar of Sif Muna.
  5895 | D:9      | Noticed a two-headed ogre
  5908 | D:9      | Killed a two-headed ogre
  5909 | D:9      | Reached skill level 9 in Unarmed Combat
  6090 | D:9      | Noticed a cyclops
  6107 | D:9      | Killed a cyclops
  6108 | D:9      | Reached skill level 5 in Shields
  6372 | D:9      | Noticed a water nymph
  6377 | D:9      | Killed a water nymph
  6490 | D:10     | Entered Level 10 of the Dungeon
  6598 | D:10     | Noticed an orc sorcerer
  6601 | D:10     | Noticed an orange demon
  6601 | D:10     | Killed an orc sorcerer
  6602 | D:10     | Reached XP level 11. HP: 105/105 MP: 10/10
  6619 | D:10     | Identified the -4 pair of gloves of Bright Intercession
                  | {Int+5}
  7277 | D:10     | Found an ancient bone altar of Kikubaaqudgha.
  7280 | D:10     | Noticed a two-headed ogre
  7288 | D:10     | Killed a two-headed ogre
  7289 | D:10     | Reached skill level 10 in Unarmed Combat
  7674 | Lair:1   | Entered Level 1 of the Lair of Beasts
  7733 | Lair:1   | You fall into a shaft and drop 1 floor!
  7733 | Lair:2   | Noticed a seven-headed hydra
  7749 | Lair:2   | Killed a seven-headed hydra
  7892 | Lair:2   | Gained mutation: You sometimes lose the ability to drink
                  | potions when taking damage. [Ru sacrifice]
  7892 | Lair:2   | Reached ** piety under Ru
  8307 | Lair:1   | Reached skill level 11 in Unarmed Combat
  9210 | Lair:2   | Reached XP level 12. HP: 112/115 MP: 11/11
 10106 | Lair:3   | Gained mutation: Potions are less effective at restoring
                  | your health. [Ru sacrifice]
 10106 | Lair:3   | Reached *** piety under Ru
 10161 | Lair:3   | Reached skill level 1 in Long Blades
 10501 | Lair:4   | Reached skill level 1 in Armour
 10594 | Lair:4   | Reached skill level 10 in Throwing
 10707 | Lair:4   | Noticed a four-headed hydra
 10742 | Lair:3   | Killed a four-headed hydra
 10743 | Lair:3   | Reached skill level 12 in Unarmed Combat
 10779 | Lair:4   | Noticed a five-headed hydra
 10985 | Lair:3   | Killed a five-headed hydra
 11320 | Lair:4   | Found a staircase to the Shoals.
 11447 | Lair:4   | Found a hole to the Spider Nest.
 11546 | Lair:5   | Reached XP level 13. HP: 109/126 MP: 10/12
 11662 | Lair:5   | Found a staircase to the Slime Pits.
 11927 | Lair:5   | Gained mutation: You are dopey. (Int -2) [Ru sacrifice]
 12013 | Lair:5   | Gained mutation: You passively map a small area around you.
                  | [potion of mutation]
 12013 | Lair:5   | Gained mutation: Your muscles are strong. (Str +2) [potion
                  | of mutation]
 12013 | Lair:5   | Gained mutation: You are frail. (-10% HP) [potion of
                  | mutation]
 12013 | Lair:5   | Gained mutation: You have a pair of small antennae on your
                  | head. [potion of mutation]
 12015 | Lair:5   | Lost mutation: You have a pair of small antennae on your
                  | head. [potion of mutation]
 12015 | Lair:5   | Lost mutation: Your muscles are strong. (Str +2) [potion of
                  | mutation]
 12015 | Lair:5   | Lost mutation: You passively map a small area around you.
                  | [potion of mutation]
 12015 | Lair:5   | Gained mutation: Your spells are a little harder to cast,
                  | but a little more powerful. [potion of mutation]
 12016 | Lair:5   | Lost mutation: You are frail. (-10% HP) [potion of
                  | mutation]
 12016 | Lair:5   | Lost mutation: Your spells are a little harder to cast, but
                  | a little more powerful. [potion of mutation]
 12016 | Lair:5   | Gained mutation: You occasionally shout uncontrollably at
                  | your foes. [potion of mutation]
 12016 | Lair:5   | Gained mutation: You are clumsy. (Dex -2) [potion of
                  | mutation]
 12016 | Lair:5   | Gained mutation: You have supernaturally acute eyesight.
                  | (SInv) [potion of mutation]
 12108 | Lair:4   | HP: 4/121 [seven-headed hydra (6)]
 12108 | Lair:4   | Slain by a seven-headed hydra

Illustrated notes

Levels and vault maps discovered:
D:1:      dpeg_arrival_tiny_i, layout_loops_cross
D:2:      minmay_general_purpose_star, layout_loops_ring, serial_undead,
          serial_undead_a, serial_undead_e, serial_undead_a, serial_undead_b,
          serial_undead_e, serial_undead_a, serial_undead_d,
          ebering_ecumenical_altar_abandoned, grunt_ministairs_9, minmay_cupped
D:3:      kb_forest_paths, layout_basic, mainiacjoe_overflow_catwalk,
          old_standard_altar, mainiacjoe_overflow_surrounded_room
D:4:      layout_loops_ring, nicolae_ashenzari_panopticon,
          minmay_temple_entry_statues_fountains, serial_shops,
          nicolae_inconvenience_store, hangedman_abyss_or_decor_slice
D:5:      layout_rooms, minmay_misc_feat_cross
D:6:      layout_rooms, nicolae_yredelemnul_corpse_copse,
          gammafunk_temple_overflow_pools, portal_sewer_entry_a
D:7:      layout_cave_pools, pdpol_wu_jian_five_deadly_venoms,
          gammafunk_temple_overflow_elements, serial_shops,
          nicolae_lakefront_shop, uniq_maggie
D:8:      layout_loops_ring, grunt_lair_entry_orc_guard_hut,
          hangedman_glass_teeth, onia_ninara_dug_in_and_dangerous
D:9:      minmay_chambers_of_sixes, layout_loops_ring,
          mainiacjoe_overflow_tiny_flanked, nrook_uturn, palyth_stone_intersect,
          lightli_minifort
D:10:     cheibrodos_wizards_tower, layout_stronghold, kennysheep_mini_moat
D:11:     layout_basic, orc_0_dummy, uniq_harold
Lair:1:   layout_cave_pods, serial_bayou_shore_b, lemuel_fruit_tree
Lair:2:   layout_cave_shapes
Lair:3:   layout_regular_city, serial_bayou_pond_b, small_statue_intersection,
          nicolae_lair_grove_arrangements, serial_bayou_shore_b
Lair:4:   layout_cave_pods, minmay_shoals_entry_centaurs, spider_nest_entry_a,
          guppyfry_lair_drakes
Lair:5:   layout_cave_pods, minmay_slime_entry_oklob_enclosed, tgw_fedhas,
          lemuel_fruit_fields

Skill      XL: |  1  2  3  4  5  6  7  8  9 10 11 12 13 |
---------------+----------------------------------------+-----
Throwing       | 1 2 3 4 5 6 8 9 10 | 10.3
Shields        | 1 2 3 4 5 6 |  6.4
Unarmed Combat | 4 5 7 8 9 11 12 | 12.5
Fighting       | 3 4 5 6 7 |  7.7
Dodging        | 3 4 5 6 7 |  7.7
Long Blades    | 2 3 |  3.1
Armour         | 2 |  2.8
Stealth        | |  1.0

Action                   |  1- 3 |  4- 6 |  7- 9 | 10-12 | 13-15 || total
-------------------------+-------+-------+-------+-------+-------++-------
Melee: Unarmed           |    86 |   178 |   286 |   523 |    12 ||  1085
       Punch             |       |     3 |    11 |    39 |     3 ||    56
       Long sword        |       |       |       |       |     4 ||     4
Throw: Stone             |    24 |     3 |    39 |    20 |    45 ||   131
       Large rock        |       |     2 |     4 |    35 |    11 ||    52
       Dart              |       |     1 |    17 |    97 |     4 ||   119
       Throwing net      |       |     1 |       |     2 |       ||     3
       Boomerang         |       |       |    65 |    21 |       ||    86
Invok: Reject Sacrifices |       |     1 |       |       |       ||     1
       Sacrifice Arcana  |       |       |       |     1 |       ||     1
       Sacrifice Drink   |       |       |       |     1 |       ||     1
       Sacrifice Purity  |       |       |       |     1 |     1 ||     2
       Draw Out Power    |       |       |       |       |     1 ||     1
  Use: Scroll            |       |     6 |     4 |    10 |     4 ||    24
       Potion            |       |       |       |     3 |     3 ||     6
 Stab: Sleeping          |     6 |     6 |     2 |       |       ||    14
       Distracted        |       |       |       |     2 |       ||     2
Armor: Robe              |    25 |    47 |    62 |     8 |       ||   142
       Acid dragon scale |       |       |       |   125 |     5 ||   130
Dodge: Dodged            |    27 |    74 |   184 |   408 |    32 ||   725
